 Dungeon Crawl Stone Soup version 0.20.1-1-g8b1a95d (webtiles) character file.

2863 renl the Carver (level 10, -1/84 HPs)
             Began as a Formicid Fighter on July 23, 2017.
             Slain by a centaur (5 damage)
             ... on level 7 of the Dungeon.
             The game lasted 00:28:10 (5774 turns).

renl the Carver (Formicid Fighter)                  Turns: 5774, Time: 00:28:13

Health: -1/84      AC: 15    Str: 26    XL:     10   Next: 4%
Magic:  10/10      EV:  9    Int: 11    God:
Gold:   149        SH: 11    Dex: 10    Spells: 9/9 levels left

rFire    . . .     SeeInvis +   a - +1 long sword
rCold    + + .     Gourm    .   c - +0 shield
rNeg     . . .     Faith    +   A - +2 scale mail {rC+}
rPois    .         Spirit   .   (helmet unavailable)
rElec    .         Reflect  .   q - +0 cloak
rCorr    .         Harm     .   K - +0 pair of gloves
MR       +....                  H - +0 pair of boots of the Other Side {Regen+} (curse)
Stlth    ..........             l - amulet of faith
Regen    0.7/turn               D - +5 ring of intelligence
MPRegen  0.2/turn               I - ring of protection from cold

@: no status effects
A: permanent stasis, dig shafts and tunnels, four strong arms, antennae 3,
molten scales 1, dopey 1, robust 1, strong 1
a: Dig, Shaft Self


You were on level 7 of the Dungeon.
You were hungry.

You visited 1 branch of the dungeon, and saw 7 of its levels.
You also visited: Ossuary.

You collected 251 gold pieces.
You spent 102 gold pieces at shops.

Inventory:

Hand Weapons
 a - a +1 long sword (weapon)
Missiles
 k - 5 tomahawks
 J - 4 javelins (quivered)
Armour
 c - a +0 shield (worn)
 q - a +0 cloak (worn)
 A - a +2 scale mail of cold resistance (worn)
 H - the cursed +0 pair of boots of the Other Side (worn) {Regen+}
   (You bought it in a shop on level 6 of the Dungeon)

   It increases your rate of regeneration.
   It has a curse placed upon it.
 K - a +0 pair of gloves (worn)
Jewellery
 l - an amulet of faith (around neck)
 D - a +5 ring of intelligence (left hand)
 I - a ring of protection from cold (right hand)
Wands
 g - a wand of iceblast (4/15)
 n - a wand of flame (15/48)
 y - a wand of flame (28/48)
Scrolls
 b - 2 scrolls of enchant armour {unknown}
 i - 2 scrolls of enchant weapon
 o - a scroll of noise {unknown}
 s - 2 scrolls of immolation {unknown}
 C - a scroll of recharging {unknown}
 G - a scroll of fear {unknown}
Potions
 h - 10 potions of curing
 j - 2 potions of magic
 p - 2 potions of resistance
 r - a potion of mutation
 t - 2 potions of invisibility
 w - a potion of lignification {unknown}
 z - 3 potions of agility
 B - a potion of haste {unknown}
 E - a potion of flight {unknown}
 F - a potion of heal wounds {unknown}
Books
 e - a book of Misfortune

   Spells                             Type                      Level
   a - Confusing Touch                Hexes                        1
   b - Confuse                        Hexes                        3
   c - Gell's Gravitas                Translocation                3
   d - Petrify                        Transmutation/Earth          4
   e - Metabolic Englaciation         Hexes/Ice                    5
   f - Yara's Violent Unravelling     Hexes/Transmutation          5
 u - a book of Cantrips

   Spells                             Type                      Level
   a - Confusing Touch                Hexes                        1
   b - Animate Skeleton               Necromancy                   1
   c - Summon Small Mammal            Summoning                    1
   d - Apportation                    Translocation                1
Comestibles
 d - 5 fruits
 f - 8 bread rations
 m - 3 meat rations
 v - 3 royal jellies


   Skills:
 + Level 6.6 Fighting
 + Level 9.4 Long Blades
 + Level 6.5 Armour
 + Level 7.9 Shields


You had 9 spell levels left.
You didn't know any spells.

Dungeon Overview and Level Annotations

Branches:
Dungeon (7/15)             Temple (0/1) D:7

Altars:
Elyvilon
Gozag
Uskayaw
Xom

Shops:
D:4 ([   D:5 [   D:6 [*


Innate Abilities, Weirdness & Mutations

You cannot be hasted, slowed, berserked, paralysed or teleported.
You can dig through walls and to a lower floor.
Your four strong arms can wield two-handed weapons with a shield.
You have a pair of large antennae on your head. (SInv)
You are partially covered in molten scales. (AC +2)
You are dopey. (Int -2)
You are robust. (+10% HP)
Your muscles are strong. (Str +2)


Message History

You dig through the rock wall.
The centaur zaps a wand.
The bolt of acid hits the jackal.
The jackal is splashed with acid.
The acid corrodes the jackal!
The jackal dies!
The bolt of acid hits the jackal.
The jackal is splashed with acid.
The jackal dies!
The bolt of acid hits you!
You are splashed with acid!
The acid burns!
Found a meat ration, a bread ration and 20 stones.
Found a staircase to the Ecumenical Temple.
You retract your mandibles.
The centaur wields a shortbow.
The centaur shoots an arrow.
The arrow hits you!
Things that are here:
an arrow; a jackal corpse The centaur zaps a wand.
The bolt of acid hits you!
* * * LOW HITPOINT WARNING * * *
You are splashed with acid!
The acid burns!
* * * LOW HITPOINT WARNING * * *
The centaur unwields an uncursed shortbow.
The centaur hits you.
You die...

.# #.##### { { .#
#!.##<#........ .#
##.##.#....... .#
######..#.#......# .#
#.......#.#......# .# . .#
#.........#......#..... .#
#......#..#............
.###...)..#..#..c...# .⌠%.
.............###@##.#....%
####......##..##.(#......>
#......###.##.#..#
#......# #..#.##.#
#......# ##.#.# ...
#......# #...# .#...
######## ##..# (##.##
#..># .. ... #.### ## ###


You could see a centaur.

Vanquished Creatures
  Pikel (D:7)
  The ghost of maximusg the Cleaver, an amateur MiBe of Trog (D:4)
  Sigmund (D:3)
  A phantom (D:6)
  A sky beast (D:7)
  An orc warrior (D:7)
  2 slaves (D:7)
  A necrophage (D:6)
  2 ogres (D:6)
  A scorpion (D:7)
  2 bullfrog zombies (Ossuary)
  2 crimson imps (D:6)
  4 orc priests
  Crazy Yiuf (D:3)
  6 orc wizards
  Ijyb (D:3)
  Terence (D:3)
  An iguana (D:4)
  7 worker ants
  A killer bee zombie (Ossuary)
  A hound zombie (Ossuary)
  17 mummies (Ossuary)
  A howler monkey zombie (Ossuary)
  4 worker ant zombies (Ossuary)
  7 gnolls (D:5)
  10 adders
  A shadow imp (D:6)
  4 adder zombies
  2 worms
  2 dart slugs (D:1)
  4 leopard geckos
  10 orcs
  2 ball pythons
  4 giant cockroaches
  9 goblins
  7 hobgoblins
  9 jackals
  2 quokkas (D:2)
  11 bats
  7 frilled lizards
  9 kobolds
  3 leopard gecko zombies
  A quokka skeleton (D:4)
  3 quokka zombies
  8 rats
176 creatures vanquished.

Vanquished Creatures (others)
  4 jackals (D:7)
  A withered plant (Ossuary)
5 creatures vanquished.

Grand Total: 181 creatures vanquished

Notes
Turn   | Place    | Note
-------+----------+-------------------------------------------
     0 | D:1      | renl the Formicid Fighter began the quest for the Orb.
     0 | D:1      | Reached XP level 1. HP: 18/18 MP: 1/1
    38 | D:1      | Reached XP level 2. HP: 12/24 MP: 2/2
   233 | D:1      | Reached XP level 3. HP: 21/30 MP: 3/3
   881 | D:2      | Reached XP level 4. HP: 37/37 MP: 4/4
   983 | D:2      | Reached skill level 3 in Long Blades
  1537 | D:3      | Reached XP level 5. HP: 42/42 MP: 5/5
  1643 | D:3      | Noticed Sigmund
  1658 | D:3      | Killed Sigmund
  1658 | D:3      | Reached skill level 4 in Long Blades
  1658 | D:3      | Reached skill level 5 in Shields
  1658 | D:3      | Reached XP level 6. HP: 16/48 MP: 6/6
  1866 | D:3      | Noticed Ijyb
  1881 | D:3      | Killed Ijyb
  1925 | D:3      | Noticed Terence
  1937 | D:3      | Killed Terence
  1966 | D:3      | Reached XP level 7. HP: 32/55 MP: 7/7
  2165 | D:3      | Found a runed door.
  2418 | D:3      | Gained mutation: You are robust. (+10% HP) [potion of mutation]
  2418 | D:3      | Gained mutation: You are dopey. (Int -2) [potion of mutation]
  2418 | D:3      | Gained mutation: Your muscles are strong. (Str +2) [potion of mutation]
  2418 | D:3      | Gained mutation: You are partially covered in molten scales. (AC +2) [potion of mutation]
  2419 | D:3      | Noticed Crazy Yiuf
  2429 | D:3      | Killed Crazy Yiuf
  2481 | D:4      | Found Anel's Antique Armour Shoppe.
  2663 | D:4      | Reached skill level 5 in Long Blades
  2786 | D:4      | Found Xiliuvin's Weapon Shop.
  2858 | D:4      | Noticed maximusg's ghost (amateur MiBe)
  2875 | D:4      | Killed maximusg's ghost
  2875 | D:4      | Reached XP level 8. HP: 38/67 MP: 8/8
  3045 | D:5      | Entered Level 5 of the Dungeon
  3105 | D:5      | Found a white marble altar of Elyvilon.
  3148 | D:5      | Found Ysucsac's Armour Emporium.
  3159 | D:5      | Found a sand-covered staircase.
  3293 | D:5      | Reached skill level 6 in Long Blades
  3325 | Ossuary  | Entered an ossuary
  3621 | Ossuary  | Reached skill level 5 in Armour
  3681 | Ossuary  | Reached skill level 5 in Fighting
  3760 | Ossuary  | Reached skill level 7 in Long Blades
  4202 | D:5      | Reached XP level 9. HP: 61/74 MP: 9/9
  4543 | D:6      | Found Fant's Assorted Antiques.
  4584 | D:6      | Found Gerchovi's Armour Boutique.
  4597 | D:6      | Bought the cursed +0 pair of boots of the Other Side {Regen+} for 102 gold pieces
  4615 | D:6      | Found a faded altar of an unknown god.
  4615 | D:6      | Found a shimmering altar of Xom.
  4620 | D:6      | Found a faded altar of an unknown god.
  4622 | D:6      | Found a hide-covered altar of Uskayaw.
  4624 | D:6      | Found an opulent altar of Gozag.
  4815 | D:6      | Reached skill level 8 in Long Blades
  5422 | D:7      | Noticed Pikel
  5452 | D:7      | Killed Pikel
  5452 | D:7      | Reached skill level 9 in Long Blades
  5536 | D:7      | Reached XP level 10. HP: 70/84 MP: 10/10
  5772 | D:7      | Found a staircase to the Ecumenical Temple.
  5774 | D:7      | HP: 4/84 [acid (15)]
  5774 | D:7      | Slain by a centaur

Skill      XL: |  1  2  3  4  5  6  7  8  9 |
---------------+----------------------------+-----
Shields        | 4 5 6 7 |  7.9
Long Blades    | 3 4 5 7 9 |  9.4
Fighting       | 4 5 6 |  6.6
Armour         | 4 5 6 |  6.5

Action                   |  1- 3 |  4- 6 |  7- 9 | 10-12 || total
-------------------------+-------+-------+-------+-------++-------
Melee: Long sword        |   133 |   180 |   455 |    19 ||   787
       Unarmed           |       |       |     4 |       ||     4
Throw: Javelin           |       |       |    14 |       ||    14
 Abil: Dig               |     1 |     3 |     7 |     1 ||    12
  Use: Scroll            |       |       |    13 |       ||    13
       Potion            |       |       |     2 |       ||     2
  Eat: Chunk             |       |     4 |     9 |     1 ||    14
       Bread ration      |       |       |     1 |       ||     1
Armor: Scale mail        |    73 |    81 |   128 |     5 ||   287
Dodge: Dodged            |    45 |    69 |    95 |     5 ||   214
Block: Shield            |    93 |    94 |   165 |     8 ||   360
       Rpst.: Long sword |    17 |    28 |    33 |     1 ||    79
